 Dungeon Crawl Stone Soup version 0.31.0-32-g396128a36d (webtiles) character file.

Game seed: 13749503625807549651

92137 WyrmFriend the Warrior (level 15, -3/150 HPs)
             Began as a Red Draconian Shapeshifter on Mar 26, 2024.
             Was an Initiate of Gozag.
             Slain by a cyan ugly thing (13 damage)
             ... on level 14 of the Dungeon.
             The game lasted 00:48:16 (29652 turns).

WyrmFriend the Warrior (DrSh)                      Turns: 29652, Time: 00:48:17

Health: -3/150     AC: 18    Str: 21    XL:     15   Next: 57%
Magic:  15/15      EV: 17    Int: 19    God:    Gozag
Gold:   5514       SH:  0    Dex: 10    Spells: 14/14 levels left

rFire   + +          .
                       - Unarmed
rCold   + + .        (shield currently unavailable)
rNeg    . . .        (body armour unavailable)
rPois   +            (helmet restricted)
rElec   .            o - scarf {rC+ rF+}
rCorr   .            v - +1 pair of gloves {Str+3}
SInv    .            N - +2 pair of boots {rampage}
Will    +....        B - amulet of the acrobat
Stlth   +            T - +4 ring of protection
HPRegen 0.45/turn    y - ring "Atib Ush" {rPois rC+ Str+2}
MPRegen 0.14/turn

%: acrobat, rampage
@: flux-form, glowing, studying 2 skills
A: glow, contaminating, breathe fire, AC +9, unfitting armour, fire resistance
1, cold-blooded
a: Breathe Fire, Begin Untransformation, Renounce Religion, Potion Petition,
Call Merchant, Bribe Branch


You were on level 14 of the Dungeon.
You worshipped Gozag.
Gozag was greatly pleased with you.
You were something dangerously unstable.
You visited 3 branches of the dungeon, and saw 21 of its levels.

You collected 5927 gold pieces.
You spent 358 gold pieces at shops.
You paid 55 gold pieces to Gozag.


Innate Abilities, Weirdness & Mutations

You are something dangerously unstable.
You glow with magical radiation, making you easy to see and hit.
Foes you strike become dangerously contaminated with magical radiation.
You are incapable of wielding weapons or throwing items.
You can breathe blasts of fire.
Your fiery red scales are hard. (AC +9)
You cannot fit into any form of body armour.
Your flesh is heat resistant. (rF+)
You are cold-blooded and may be slowed by cold attacks.


   Skills:
 + Level 18.5 Fighting
 - Level 6.0 Dodging
 + Level 5.5 Stealth
 - Level 15.0 Unarmed Combat
 - Level 4.0 Evocations
 - Level 16.0 Shapeshifting


You had 14 spell levels left.
You didn't know any spells.
Your spell library contained the following spells:

 Spells                   Type           Power      Damage    Failure   Level
 Apportation              Tloc           0%         N/A       21%         1
 Foxfire                  Conj/Fire      0%         2x1d4     21%         1
 Necrotise                Necr           0%         1d4       21%         1
 Sting                    Conj/Alch      0%         1d3       21%         1
 Summon Small Mammal      Summ           0%         N/A       21%         1
 Blink                    Tloc           0%         N/A       30%         2
 Cigotuvi's Dreadful Rot  Necr/Alch/Air  0%         N/A       30%         2
 Ensorcelled Hibernation  Hex/Ice        0%         N/A       30%         2
 Jinxbite                 Hex            0%         N/A       30%         2
 Lesser Beckoning         Tloc           0%         N/A       30%         2
 Momentum Strike          Conj/Tloc      0%         3d8       30%         2
 Scorch                   Fire           0%         2d5       30%         2
 Dazzling Flash           Conj/Hex       0%         N/A       52%         3
 Fugue of the Fallen      Necr           0%         N/A       52%         3
 Gell's Gravitas          Tloc           0%         N/A       52%         3
 Inner Flame              Hex/Fire       0%         N/A       52%         3
 Passwall                 Erth           0%         N/A       52%         3
 Swiftness                Air            0%         N/A       52%         3
 Teleport Other           Tloc           0%         N/A       52%         3
 Tukima's Dance           Hex            0%         N/A       52%         3
 Volatile Blastmotes      Fire/Tloc      0%         2d10      52%         3
 Anguish                  Hex/Necr       0%         N/A       90%         4
 Dispel Undead            Necr           0%         3d6       90%         4
 Flame Wave               Conj/Fire      0%         2d4       90%         4
 Martyr's Knell           Necr/Summ      0%         N/A       90%         4
 Passage of Golubria      Tloc           0%         N/A       90%         4
 Sticky Flame             Fire/Alch      0%         2d4       90%         4
 Borgnjor's Vile Clutch   Necr/Erth      0%         N/A       99%         5
 Yara's Violent Unravell  Hex/Alch       0%         3d3       99%         5
 Death Channel            Necr           0%         N/A       100%        6
 Dispersal                Tloc           0%         N/A       100%        6
 Plasma Beam              Fire/Air       0%         2x1d10    100%        6
 Starburst                Conj/Fire      0%         6d3       100%        6
 Summon Cactus Giant      Summ           0%         N/A       100%        6
 Enfeeble                 Hex            0%         N/A       100%        7
 Maxwell's Capacitive Co  Air            0%         ∞         100%        8
 Chain Lightning          Conj/Air       0%         N/A       100%        9
 Animate Dead             Necr           Unusable   N/A       N/A         4

Inventory:

Missiles
 h - 3 curare-tipped darts {=f}
 F - 3 datura-tipped darts (quivered)
Armour
 o - a scarf of resistance (worn)
 v - a +1 pair of gloves of strength (worn)
 N - a +2 pair of boots of rampaging (worn)
Jewellery
 y - the ring "Atib Ush" (right hand) {rPois rC+ Str+2}
   (You found it on level 15 of the Dungeon)

   [ring of protection from cold]

   Str+2:     It affects your strength (+2).
   rC+:       It protects you from cold.
   rPois:     It protects you from poison
 B - an amulet of the acrobat (around neck)
 T - a +4 ring of protection (left hand)
 W - a ring of willpower
Talismans
 b - a beast talisman
 c - a flux talisman (active)
Wands
 i - a wand of quicksilver (15)
 r - a wand of roots (10)
 x - a wand of digging (5)
 G - a wand of polymorph (3)
 L - a wand of charming (12)
 R - a wand of flame (7)
Scrolls
 d - 6 scrolls of immolation
 f - 5 scrolls of enchant weapon
 k - 2 scrolls of silence {!r}
 m - 2 scrolls of amnesia
 q - 2 scrolls of fear
 s - 4 scrolls of teleportation {@r2}
 t - a scroll of brand weapon
 z - a scroll of butterflies {unknown}
 C - 5 scrolls of fog
 H - 2 scrolls of vulnerability
 Q - 2 scrolls of poison
 S - a scroll of revelation
 V - 2 scrolls of enchant armour
 X - 3 scrolls of identify {@r1}
Potions
 a - 5 potions of lignification
 e - 5 potions of invisibility
 g - 3 potions of mutation
 j - 11 potions of curing {@q1}
 l - a potion of heal wounds {@q2}
 n - 4 potions of enlightenment
 p - 2 potions of haste {@q3}
 u - 2 potions of might
 w - a potion of cancellation
 A - 2 potions of degeneration
 E - 6 potions of brilliance
 J - 4 potions of resistance
 K - 5 potions of magic
 M - 3 potions of attraction

Dungeon Overview and Level Annotations

Branches:
Dungeon (15/15)            Temple (1/1) D:4            Lair (5/5) D:9
  Swamp (0/4) Lair:2        Snake (0/4) Lair:3        Slime (0/5) Lair:5
    Orc (0/2) D:10         Vaults (0/5) D:14
 Depths: D:15

Altars:
Ashenzari
Cheibriados
Dithmenos
Elyvilon
Fedhas
Gozag
Hepliaklqana
Kikubaaqudgha
Makhleb
Nemelex Xobeh
Okawaru
Qazlal
Ru
Sif Muna
Trog
Uskayaw
Vehumet
Wu Jian
Xom
Yredelemnul
Zin
The Shining One
Jiyva

Shops:
D:2 [!   D:5 (:   D:11 [   D:14 *

Portals:
Trove: D:10 (give +6 demon trident)

Annotations:
D:5 3 runed translucent doors, hamd0g's ghost, novice HuFi
D:8 3 runed translucent doors
D:9 exclusion: ice statue
D:12 2 transporters, MollyMolluskus's ghost, journeyman OpFi

..............#............#....#
..............#............#....#
..............#............#....#
..............#............#....#
..............#............#....#
##....##......###############...#
......#............#........#....
......#............#........#....
......#.........p..#........'....
......#........u...#........#....
......#............#........#....
###############[..########'######
..........#.............#....#...
..........#.............#....#...
..........#.............#....#...
..........'.............#....#...
..........#.............#....#...


You could see a cyan ugly thing (contam).


Message History

The cyan ugly thing shudders as magic cascades through it!
The cyan ugly thing basks in the mutagenic energy and changes!
The white ugly thing is severely wounded.
You punch the white ugly thing!
The white ugly thing begins to glow.
The white ugly thing is almost dead.
The green ugly thing basks in the mutagenic energy from its kin and changes!
You punch the white ugly thing!
You kill the white ugly thing!
Unknown command.
Found 7 stones.
The cyan ugly thing attacks as it pursues you!
The cyan ugly thing completely misses you.
The cyan ugly thing attacks as it pursues you!
The cyan ugly thing closely misses you.
There is a stone staircase leading up here.
The cyan ugly thing trunk-slaps you!
* * * LOW HITPOINT WARNING * * *
The cyan ugly thing shocks you!
* * * LOW HITPOINT WARNING * * *
You climb upwards.
There is a stone staircase leading down, spattered with blood here.
Unknown command.
You hit the cyan ugly thing but do no damage.
The cyan ugly thing begins to glow.
You tail-slap the cyan ugly thing.
The cyan ugly thing is lightly wounded.
The cyan ugly thing trunk-slaps you!
* * * LOW HITPOINT WARNING * * *
The cyan ugly thing shocks you!
You die...
Your body crumbles into a pile of gold.

Skill      XL: |  1  2  3  4  5  6  7  8  9 10 11 12 13 14 15 |
---------------+----------------------------------------------+-----
Fighting       | 2 3 4 5 6 7 8 10 11 12 15 18 | 18.5
Shapeshifting  | 4 5 7 8 10 11 14 15 16 | 16.0
Unarmed Combat | 4 7 8 10 12 14 15 | 15.0
Dodging        | 3 4 6 |  6.0
Evocations     | 4 |  4.0
Stealth        | 3 5 |  5.5

Action                     |  1- 3 |  4- 6 |  7- 9 | 10-12 | 13-15 || total
---------------------------+-------+-------+-------+-------+-------++-------
  Melee: Unarmed           |   147 |   146 |   242 |   776 |  1158 ||  2469
         Tailslap          |    12 |    37 |    63 |   156 |   298 ||   566
         Punch             |     3 |     8 |     1 |       |       ||    12
         Dagger            |       |    77 |    40 |       |       ||   117
         Rapier            |       |       |     3 |       |       ||     3
Ability: Breathe Fire      |       |       |     3 |     5 |     3 ||    11
  Evoke: Wand              |       |       |     2 |       |     9 ||    11
    Use: Potion            |       |     2 |       |     1 |     2 ||     5
         Scroll            |       |       |       |    10 |    24 ||    34
   Stab: Sleeping          |       |     2 |       |       |       ||     2
         Distracted        |       |       |       |     6 |     3 ||     9
         Petrified         |       |       |       |       |     3 ||     3
 Armour: Skin              |    68 |   141 |   141 |   346 |   696 ||  1392
  Dodge: Dodged            |   101 |   126 |   211 |   617 |   827 ||  1882
   Form: Flux              |       |       |     2 |       |       ||     2
                           |       |       |     1 |       |       ||     1

Levels and vault maps discovered:
D:1:      psy_arrival_basics, layout_basic,
          shapermc_ecumenical_altar_notcrosses, chequers_jeans
D:2:      minmay_skewed_foursquare, layout_rooms, serial_shops,
          nicolae_square_shop, shop
D:3:      layout_basic, corexii_shack, uniq_ijyb
D:4:      layout_loops_corners, lemuel_zombie_altar_kikubaaqudgha,
          minmay_temple_entry_junction
D:5:      minmay_general_purpose_star, layout_loops_ring,
          nicolae_yredelemnul_ghost_church, serial_shops, shop,
          nicolae_shop_statue_plus, uniq_blork_the_orc, uniq_eustachio
D:6:      layout_basic, serial_library_hellmonk_small_alcove
D:7:      layout_cave_pools, st_stairs_1
D:8:      layout_loops_cross, mainiacjoe_overflow_24_doors,
          eat_drink_and_be_merry_uskayaw,
          ploomutoo_gammafunk_ghost_potion_laboratory
D:9:      lemuel_ice_statue, layout_loops_ring, erik_lair_orcish_takeover,
          chequers_serial_rivers_small_3
D:10:     nzn_winding_woodlands_three_and_one [nzn_winding_woodlands_5x15_twine,
          nzn_winding_woodlands_5x15_pool,
          nzn_winding_woodlands_5x15_river_crossing,
          nzn_winding_woodlands_center_garden], layout_basic, kennysheep_mini,
          mainiacjoe_overflow_small_starburst, fedhas_ov_isle_minmay,
          jmf_multi_god_temple, orc_0_dummy, enter_trove_6
D:11:     layout_rooms, serial_shops, nicolae_shop_tiny_real_fake_doors,
          nicolae_hexahallways
D:12:     layout_basic, gammafunk_ghost_arena, serial_bayou_lagoon_b, uniq_urug
D:13:     layout_basic, uniq_kirke, uniq_jorgrun
D:14:     layout_grid_maze, david_vaults_2, serial_shops, shop
D:15:     grunt_enter_depths_hoard, layout_cave_pools,
          chequers_serial_rivers_small_b
Temple:   hellmonk_temple_forest_ring
Lair:1:   layout_cave_pods, minmay_lair_oklob_items, minmay_holes,
          serial_bayou_lagoon_a
Lair:2:   layout_layer_cave, swamp_mist_pool, chequers_serial_rivers_micro_d
Lair:3:   layout_roguey [special_room_bee], minmay_snake_entry_guardpost_small,
          nicolae_lair_liquid_snakes, uniq_snorg, uniq_josephine
Lair:4:   layout_regular_city, lemuel_fruit_tree, grunt_megastairs_3,
          serial_bayou_shore_b, infiniplex_staircase_pool_2
Lair:5:   due_jungle_book, layout_gridlike, minmay_slime_entry_oklob_open,
          serial_bayou_pond_e, st_stairs_9, serial_bayou_shore_b

Notes
Turn   | Place    | Note
-------+----------+-------------------------------------------
     0 | D:1      | WyrmFriend the Draconian Shapeshifter began the quest for
                  | the Orb.
     0 | D:1      | Reached XP level 1. HP: 16/16 MP: 1/1
   117 | D:1      | Reached skill level 2 in Fighting
   195 | D:1      | Reached XP level 2. HP: 25/25 MP: 2/2
   502 | D:1      | Found a faded altar of an unknown god.
   933 | D:2      | Reached skill level 3 in Fighting
  1000 | D:2      | Reached XP level 3. HP: 31/31 MP: 3/3
  1058 | D:2      | Found Vudduig's Armour Emporium.
  1312 | D:2      | Found Qabul's Distillery.
  1574 | D:3      | Reached XP level 4. HP: 40/40 MP: 4/4
  1590 | D:3      | Noticed Ijyb
  1786 | D:3      | HP: 4/40 [orc priest/nerve-wracking pain (6)]
  1790 | D:3      | Reached skill level 4 in Fighting
  1792 | D:3      | HP: 2/60 [something (3)]
  1795 | D:3      | Reached skill level 4 in Shapeshifting
  1799 | D:3      | HP: 2/60 [something (1)]
  2259 | D:3      | Identified a scarf of resistance
  2426 | D:3      | Reached XP level 5. HP: 47/47 MP: 5/5
  2461 | D:3      | Killed Ijyb
  2600 | D:3      | Reached skill level 5 in Fighting
  3229 | D:4      | Found a staircase to the Ecumenical Temple.
  3234 | D:4      | Noticed a black bear
  3244 | D:4      | Killed a black bear
  3245 | D:4      | Reached XP level 6. HP: 44/56 MP: 6/6
  3248 | Temple   | Entered the Ecumenical Temple
  3272 | Temple   | Became a worshipper of Gozag Ym Sagoz the Greedy
  3382 | D:4      | Found an ancient bone altar of Kikubaaqudgha.
  3853 | D:5      | Entered Level 5 of the Dungeon
  3943 | D:2      | Bought a +0 pair of gloves of strength for 126 gold pieces
  4056 | D:5      | Reached skill level 6 in Fighting
  4056 | D:5      | Reached skill level 5 in Shapeshifting
  4088 | D:5      | Your scales start taking on a fiery red colour.
  4088 | D:5      | Reached XP level 7. HP: 47/63 MP: 7/7
  4088 | D:5      | Gained mutation: Your flesh is heat resistant. (rF+) [Red
                  | Draconian growth]
  4235 | D:5      | Noticed Eustachio
  4326 | D:5      | Reached skill level 6 in Shapeshifting
  4448 | D:5      | Found a runed translucent gate.
  4448 | D:5      | Found a runed translucent gate.
  4448 | D:5      | Found a runed translucent gate.
  4448 | D:5      | Noticed hamd0g's ghost (novice HuFi)
  4450 | D:5      | Found a basalt altar of Yredelemnul.
  4527 | D:5      | Found Sehon's Weapon Boutique.
  4595 | D:5      | Killed Eustachio
  4675 | D:5      | Reached skill level 7 in Shapeshifting
  4768 | D:5      | Found Luggoy's Book Shoppe.
  4810 | D:5      | Noticed Blork the orc
  4827 | D:5      | Killed Blork the orc
  4828 | D:5      | Reached skill level 4 in Unarmed Combat
  4832 | D:5      | Reached XP level 8. HP: 54/70 MP: 8/8
  5305 | D:6      | Reached skill level 5 in Unarmed Combat
  5867 | D:6      | Reached skill level 7 in Fighting
  5867 | D:6      | Reached skill level 6 in Unarmed Combat
  6062 | D:6      | Reached skill level 7 in Unarmed Combat
  6062 | D:6      | Reached skill level 2 in Dodging
  6174 | D:6      | Reached skill level 3 in Dodging
  6265 | D:7      | Reached XP level 9. HP: 56/79 MP: 9/9
  6354 | D:7      | Reached skill level 4 in Dodging
  6548 | D:7      | Reached skill level 8 in Shapeshifting
  7081 | D:8      | Found a broken altar of Ashenzari.
  7129 | D:8      | Reached skill level 8 in Fighting
  7136 | D:8      | Got Ereshkigal's Almanac of Spectral Confrontation
  7280 | D:8      | Found a hide-covered altar of Uskayaw.
  7365 | D:8      | Found a runed translucent gate.
  7365 | D:8      | Found a runed translucent gate.
  7365 | D:8      | Found a runed translucent gate.
  7365 | D:8      | Noticed a brown ugly thing
  7365 | D:8      | Noticed a green ugly thing
  7365 | D:8      | Noticed a brown ugly thing
  7384 | D:8      | Reached skill level 8 in Unarmed Combat
  7384 | D:8      | Reached skill level 1 in Evocations
  7444 | D:8      | Reached skill level 2 in Evocations
  7452 | D:8      | Reached skill level 3 in Evocations
  7465 | D:8      | Reached skill level 4 in Evocations
  7519 | D:8      | Identified the staff of Dim Light {rPois rF- Dex+4 Conj
                  | Necro}
  7540 | D:8      | Reached XP level 10. HP: 88/88 MP: 10/10
  8319 | D:9      | Reached skill level 1 in Stealth
  8495 | D:9      | Found a staircase to the Lair.
  8505 | D:9      | Noticed a centaur warrior
  8517 | D:9      | Killed a centaur warrior
  8518 | D:9      | Reached skill level 9 in Fighting
  8518 | D:9      | Reached skill level 2 in Stealth
  8518 | D:9      | Reached skill level 9 in Shapeshifting
  8518 | D:9      | Reached skill level 3 in Stealth
  8649 | D:9      | Noticed an ice statue
  9232 | D:10     | Entered Level 10 of the Dungeon
  9243 | D:10     | Noticed a five-headed hydra
  9254 | D:10     | Killed a five-headed hydra
  9255 | D:10     | Reached skill level 10 in Fighting
  9319 | D:10     | Noticed a two-headed ogre
  9331 | D:10     | Killed a two-headed ogre
  9427 | D:10     | Found a burning altar of Makhleb.
  9429 | D:10     | Found a shadowy altar of Dithmenos.
  9448 | D:10     | Found a hazy altar of Hepliaklqana.
  9564 | D:10     | Found a staircase to the Orcish Mines.
  9582 | D:10     | Reached skill level 10 in Shapeshifting
  9601 | D:10     | Reached XP level 11. HP: 95/99 MP: 11/11
  9687 | D:10     | Reached skill level 9 in Unarmed Combat
 10115 | D:10     | Noticed a red ugly thing
 10132 | D:10     | Killed a cyan ugly thing
 10165 | D:10     | Reached skill level 10 in Unarmed Combat
 10172 | D:10     | Noticed a two-headed ogre
 10189 | D:10     | Killed a two-headed ogre
 10190 | D:10     | Reached skill level 5 in Dodging
 10486 | D:10     | Reached skill level 6 in Dodging
 10678 | D:10     | Found a blossoming altar of Fedhas.
 10804 | D:10     | Found a sacrificial altar of Ru.
 11287 | D:10     | Found a portal to a secret trove of treasure.
 11406 | D:11     | Noticed a two-headed ogre
 11434 | D:11     | Reached skill level 11 in Shapeshifting
 11447 | D:11     | Killed a two-headed ogre
 11634 | D:11     | Found Ocrys's Antique Armour Shop.
 11637 | D:11     | Bought a pair of embroidered boots for 232 gold pieces
 11984 | D:11     | Reached XP level 12. HP: 102/106 MP: 12/12
 12708 | Lair:1   | Entered Level 1 of the Lair of Beasts
 12716 | Lair:1   | Reached skill level 12 in Shapeshifting
 12979 | Lair:1   | Identified a +0 crystal plate armour
 13542 | Lair:1   | Reached skill level 13 in Shapeshifting
 14263 | Lair:2   | Found a staircase to the Swamp.
 14836 | Lair:2   | Identified 3 potions of resistance
 14964 | Lair:2   | Reached skill level 14 in Shapeshifting
 15364 | Lair:3   | Noticed Josephine
 15395 | Lair:2   | Killed Josephine
 15669 | Lair:3   | Noticed Snorg
 15802 | Lair:3   | Reached skill level 11 in Fighting
 15838 | Lair:3   | Killed Snorg
 15839 | Lair:3   | Reached XP level 13. HP: 98/116 MP: 13/13
 15909 | Lair:3   | Found a staircase to the Snake Pit.
 15930 | Lair:3   | Reached skill level 11 in Unarmed Combat
 17353 | Lair:4   | Reached skill level 12 in Fighting
 17455 | Lair:4   | Reached skill level 12 in Unarmed Combat
 18300 | Lair:4   | Reached skill level 15 in Shapeshifting
 19379 | Lair:5   | Entered Level 5 of the Lair of Beasts
 19894 | Lair:5   | Found a staircase to the Slime Pits.
 19895 | Lair:5   | Found a viscous altar of Jiyva.
 20173 | Lair:5   | Reached XP level 14. HP: 120/126 MP: 14/14
 20246 | Lair:5   | Reached skill level 16 in Shapeshifting
 21105 | Lair:4   | HP: 11/127 [oklob plant/splash of acid (11)]
 21811 | Lair:5   | Reached skill level 13 in Fighting
 22188 | Lair:5   | Reached skill level 13 in Unarmed Combat
 23502 | D:10     | Identified a scroll of acquirement
 23502 | D:10     | Acquired a manual of Fighting
 23891 | D:12     | Noticed Urug
 23902 | D:12     | Killed Urug
 23903 | D:12     | Reached skill level 14 in Fighting
 24281 | D:12     | Found a transporter.
 24293 | D:12     | Noticed MollyMolluskus's ghost (journeyman OpFi)
 24293 | D:12     | Noticed a storm dragon
 24298 | D:12     | Found a transporter.
 24632 | D:12     | Identified the ring of the Leaf {rPois Slay+6 Stlth+}
 25329 | D:13     | Identified a +2 robe of resistance
 25329 | D:13     | Noticed Jorgrun
 25349 | D:13     | Reached skill level 15 in Fighting
 25349 | D:13     | Reached skill level 14 in Unarmed Combat
 25416 | D:13     | HP: 5/135 [constriction (12)]
 25417 | D:13     | Killed Jorgrun
 26096 | D:13     | Reached XP level 15. HP: 100/143 MP: 15/15
 26337 | D:13     | Noticed Kirke
 26345 | D:13     | Reached skill level 16 in Fighting
 26354 | D:13     | Killed Kirke
 27527 | D:14     | Found Zemepoett's Assorted Antiques.
 27580 | D:14     | Paralysed by an ogre mage for 5 turns
 27616 | D:14     | Found a gate to the Vaults.
 28056 | D:14     | Acquired a manual of Stealth
 28508 | D:15     | Entered Level 15 of the Dungeon
 28523 | D:14     | Reached skill level 17 in Fighting
 28523 | D:14     | Reached skill level 15 in Unarmed Combat
 28789 | D:15     | Identified the ring "Atib Ush" {rPois rC+ Str+2}
 29041 | D:15     | Reached skill level 18 in Fighting
 29048 | D:15     | Identified the +6 whip of Lies {venom, rC+}
 29096 | D:15     | Reached skill level 4 in Stealth
 29609 | D:15     | Reached skill level 5 in Stealth
 29652 | D:14     | HP: 10/150 [cyan ugly thing (7)]
 29652 | D:14     | Slain by a cyan ugly thing

Vanquished Creatures
  Jorgrun (D:13)
  Kirke (D:13)
  5 dire elephants (Lair:5)
  Snorg (Lair:3)
  Josephine (Lair:2)
  A rakshasa (D:15)
  6 hydras
  2 catoblepae
  4 centaur warriors
  9 two-headed ogres
  An ogre mage (D:14)
  3 boulder beetles
  4 death yaks (Lair:5)
  A tengu warrior (D:15)
  Urug (D:12)
  2 skysharks (Lair:4)
  7 skeletal warriors
  A spectral anaconda (Lair:5)
  4 necromancers (Lair:5)
  A lindwurm (Lair:5)
  An obsidian statue (Lair:5)
  3 deep elf pyromancers
  15 ugly things
  2 manticores (D:12)
  2 oklob plants
  6 cyclopes
  28 elephants
  6 black mambas
  13 cane toads
  2 gargoyles
  2 unseen horrors
  2 kobold demonologists
  8 komodo dragons
  3 rime drakes
  2 tengu conjurers (D:15)
  6 trolls
  A spectral elephant (Lair:5)
  4 polar bears
  7 blink frogs
  19 dream sheep
  9 slime creatures
  A centaur simulacrum (D:10)
  A spriggan (shapeshifter) (D:10)
  37 yaks
  3 shadows
  3 wyverns
  A dire elephant simulacrum (Lair:5)
  4 water elementals
  6 wraiths
  A hog (D:13)
  Eustachio (D:5)
  6 basilisks
  11 vampire mosquitoes
  A death yak simulacrum (Lair:5)
  2 steam dragons
  2 nagas (Lair:3)
  4 acid dragons
  12 water moccasins
  6 orc warriors
  3 black bears
  3 ice beasts
  An elephant zombie (Lair:5)
  2 ogres (D:6)
  7 wolves
  2 elephant skeletons (Lair:5)
  9 centaurs
  2 phantoms
  9 bullfrogs
  3 kobold brigands
  2 gnoll sergeants (D:10)
  Blork the orc (D:5)
  2 scorpions (D:5)
  3 wights (D:10)
  18 killer bees
  2 jellies (D:6)
  An elephant simulacrum (Lair:5)
  9 electric eels
  4 howler monkeys
  6 hounds
  A bullfrog zombie (D:5)
  6 orc priests
  A sleepcap (D:7)
  Ijyb (D:3)
  2 iguanas (D:7)
  9 orc wizards
  A howler monkey zombie (D:5)
  3 gnolls (D:10)
  6 adders
  A white imp (D:7)
  4 ribbon worms
  2 dart slugs (D:5)
  35 orcs
  3 ball pythons
  A bat zombie (D:4)
  10 endoplasms
  5 giant cockroaches
  8 goblins
  4 hobgoblins
  3 quokkas
  5 bats
  4 frilled lizards
  A frilled lizard zombie (D:4)
  13 kobolds
  12 rats
529 creatures vanquished.

Vanquished Creatures (others)
  2 humans (D:13)
  A white imp (D:7)
3 creatures vanquished.

Grand Total: 532 creatures vanquished

Table legend: (Time is in decaauts)
 A = Elapsed time spent in this place.
 B = Non-inter-level travel time spent in this place.
 C = Inter-level travel time spent in this place.
 D = Time resting spent in this place.
 E = Time spent auto-exploring this place.
 F = Levels seen in this place.
 G = Mean time per level.
                   A        B        C        D        E       F      G
               +--------+--------+--------+--------+--------+-----+--------+
         Total |  29334 |  27822 |   1512 |   6367 |  16983 |  21 | 1396.9 |
       Dungeon |  18923 |  17733 |   1190 |   3275 |  11478 |  15 | 1261.5 |
        Temple |     46 |      5 |     41 |      0 |      0 |   1 |   46.0 |
          Lair |  10364 |  10083 |    281 |   3092 |   5505 |   5 | 2072.8 |
               +--------+--------+--------+--------+--------+-----+--------+

Top non-repeatable levels by time:
  Lair:4: 3241 daAuts
  Lair:5: 3074 daAuts
    D:13: 2233 daAuts
    D:10: 2143 daAuts
  Lair:2: 1655 daAuts
     D:9: 1461 daAuts
    D:11: 1383 daAuts
    D:12: 1357 daAuts
  Lair:1: 1318 daAuts
     D:3: 1240 daAuts
     D:4: 1229 daAuts
     D:5: 1227 daAuts
     D:6: 1145 daAuts
    D:14: 1076 daAuts
  Lair:3: 1075 daAuts

Table legend:
 A = Non-vault XP
 B = Vault XP
 C = Vault XP percentage of total XP
 D = Non-vault monster count
 E = Vault monster count
 F = Vault count percentage of total count
                 A         B        C        D         E       F
            +---------+---------+-------+---------+---------+-------
      Total |   93892 |   37733 |  28.7 |     423 |     107 |  20.2
            +---------+---------+-------+---------+---------+-------
        D:1 |      25 |       0 |   0.0 |      18 |       0 |   0.0
        D:2 |      41 |      19 |  31.7 |      18 |       9 |  33.3
        D:3 |     149 |      37 |  19.9 |      19 |       2 |   9.5
        D:4 |     303 |       3 |   1.0 |      23 |       2 |   8.0
        D:5 |     501 |     481 |  49.0 |      10 |       7 |  41.2
        D:6 |    1137 |       0 |   0.0 |      15 |       0 |   0.0
        D:7 |    1211 |      68 |   5.3 |      17 |       1 |   5.6
        D:8 |    2364 |       0 |   0.0 |      26 |       0 |   0.0
        D:9 |    1899 |     448 |  19.1 |      18 |       7 |  28.0
       D:10 |    1945 |    7291 |  78.9 |      14 |      26 |  65.0
       D:11 |    4812 |       0 |   0.0 |      29 |       0 |   0.0
       D:12 |    8451 |     787 |   8.5 |      31 |       1 |   3.1
       D:13 |   11487 |    3402 |  22.8 |      20 |       3 |  13.0
       D:14 |    5526 |    2492 |  31.1 |      12 |       3 |  20.0
       D:15 |   13073 |       0 |   0.0 |      24 |       0 |   0.0
     Lair:1 |    4552 |     550 |  10.8 |      16 |       1 |   5.9
     Lair:2 |    5256 |    1535 |  22.6 |      19 |       4 |  17.4
     Lair:3 |    6265 |    1680 |  21.1 |      19 |       5 |  20.8
     Lair:4 |   14693 |    1238 |   7.8 |      45 |       3 |   6.2
     Lair:5 |   10202 |   17702 |  63.4 |      30 |      33 |  52.4
            +---------+---------+-------+---------+---------+-------
